 Dungeon Crawl Stone Soup version 0.29.1-1-gd02db6906a (webtiles) character file.

Game seed: 1252328363069207568

70394 mtoz the Skirmisher (level 15, -3/117 HPs)
             Began as a Gnoll Wanderer on Sept 20, 2022.
             Was a Follower of Okawaru.
             Slain by an enormous slime creature (23 damage)
             ... on level 13 of the Dungeon on Sept 21, 2022.
             The game lasted 04:00:32 (26631 turns).

mtoz the Skirmisher (Gnoll Wanderer)               Turns: 26631, Time: 04:00:32

Health: -3/117     AC: 33    Str: 16    XL:     15   Next: 33%
Magic:  29/29      EV:  5    Int:  9    God:    Okawaru [*.....]
Gold:   2088       SH:  0    Dex: 17    Spells: 25/34 levels left

rFire   . . .      SeeInvis .   Z - +2 battleaxe (freeze)
rCold   . . .      Faith    .   (shield currently unavailable)
rNeg    . . .      Spirit   .   N - +0 crystal plate armour
rPois   +          Reflect  .   C - +2 helmet
rElec   .          Harm     .   x - +1 cloak
rCorr   .          Rampage  .   h - +2 pair of gloves
Will    +++..                   z - +2 pair of boots
Stlth   ..........              u - amulet of regeneration
HPRegen 1.09/turn               O - ring of poison resistance
MPRegen 0.21/turn               L - ring of willpower

@: no status effects
A: fangs 1, strong nose, distributed training, strong-willed 1
a: Renounce Religion, Heroism


You were on level 13 of the Dungeon.
You worshipped Okawaru.
Okawaru was aware of your devotion.
You visited 4 branches of the dungeon, and saw 20 of its levels.
You also visited: Sewer, Ossuary and Ice Cave.

You collected 2114 gold pieces.
You spent 26 gold pieces at shops.

Inventory:

Hand Weapons
 a - a +4 dire flail of freezing
 b - a +0 shortbow
 q - a +3 scimitar of flaming
 M - a +0 broad axe
 Y - a +4 great sword
 Z - a +2 battleaxe of freezing (weapon)
Missiles
 g - 94 stones
 i - 5 atropa-tipped darts
 t - 3 javelins
 J - 8 poisoned darts (quivered)
Armour
 h - a +2 pair of gloves (worn)
 x - a +1 cloak (worn)
 z - a +2 pair of boots (worn)
 C - a +2 helmet (worn)
 N - a +0 crystal plate armour (worn)
 P - a +0 robe of the Archmagi
 Q - a +1 buckler of cold resistance
Jewellery
 k - a ring of flight
 n - an amulet of the acrobat
 p - a ring of protection from cold
 r - a ring of positive energy
 u - an amulet of regeneration (around neck)
 G - a ring of magical power
 I - a ring of fire
 L - a ring of willpower (right hand)
 O - a ring of poison resistance (left hand)
 R - a ring of see invisible
 T - the ring of Hiqer {Ice MP+9 Slay+3}
   (You found it on level 8 of the Dungeon)

   [ring of ice]

   It enhances your ice magic.
   Slay:      It affects your accuracy & damage with ranged weapons and melee
   (+3).
   rF:        It makes you vulnerable to fire.
   rC:        It protects you from cold.
   MP:        It affects your magic capacity (+9).
Wands
 l - a wand of polymorph (12)
 w - a wand of paralysis (8)
 y - a wand of light (5)
 S - a wand of digging (5)
Scrolls
 c - a scroll of vulnerability
 m - 12 scrolls of teleportation
 o - 4 scrolls of immolation
 v - 4 scrolls of fog
 A - 3 scrolls of fear
 B - 3 scrolls of poison
 E - 3 scrolls of torment
 H - 3 scrolls of amnesia
 K - 2 scrolls of silence
 V - a scroll of blinking
Potions
 d - 11 potions of might
 e - 3 potions of mutation
 f - 3 potions of lignification
 j - 3 potions of heal wounds
 s - 7 potions of curing
 D - 2 potions of berserk rage
 F - 7 potions of brilliance
 U - a potion of ambrosia
 W - a potion of cancellation
Miscellaneous
 X - a condenser vane


   Skills:
 + Level 10.8 Fighting
 + Level 10.4 Short Blades
 + Level 10.4 Long Blades
 + Level 10.4 Axes
 + Level 10.4 Maces & Flails
 + Level 12.2 Polearms
 + Level 10.4 Staves
 + Level 12.2 Ranged Weapons
 + Level 10.4 Throwing
 + Level 10.4 Armour
 + Level 10.8 Dodging
 + Level 10.4 Stealth
 + Level 10.4 Shields
 + Level 10.4 Unarmed Combat
 + Level 10.4 Spellcasting
 + Level 8.7 Conjurations
 + Level 8.7 Hexes
 + Level 8.7 Summonings
 + Level 8.7 Necromancy
 + Level 8.7 Translocations
 + Level 8.7 Transmutations
 + Level 8.7 Fire Magic
 + Level 8.7 Ice Magic
 + Level 8.7 Air Magic
 + Level 8.7 Earth Magic
 + Level 8.7 Poison Magic
 + Level 11.3 Invocations
 + Level 11.4 Evocations


You had 25 spell levels left.
You knew the following spells:

 Your Spells              Type           Power      Damage    Failure   Level
a - Magic Dart            Conj           80%        1d7       69%         1
b - Sting                 Tmut/Pois      80%        1d7       69%         1
c - Mephitic Cloud        Conj/Pois/Air  20%        N/A       96%         3
d - Olgreb's Toxic Radia  Pois           20%        N/A       100%        4

Your spell library contained the following spells:

 Spells                   Type           Power      Damage    Failure   Level
 Blink                    Tloc           40%        N/A       83%         2
 Poisonous Vapours        Pois/Air       40%        N/A       83%         2
 Static Discharge         Conj/Air       20%        3-6/arc   83%         2
 Confusing Touch          Hex            20%        N/A       96%         3
 Lesser Beckoning         Tloc           20%        N/A       96%         3
 Corpse Rot               Necr/Pois/Air  20%        N/A       100%        4
 Dispel Undead            Necr           20%        3d11      100%        4
 Sticky Flame             Conj/Fire      20%        2d4       100%        4
 Manifold Assault         Tloc           20%        N/A       100%        5
 Yara's Violent Unravell  Hex/Tmut       10%        3d6       100%        5
 Enfeeble                 Hex            10%        N/A       100%        7
 Call Imp                 Summ           Unusable   N/A       N/A         2
 Death Channel            Necr           Unusable   N/A       N/A         6

Dungeon Overview and Level Annotations

Branches:
Dungeon (13/15)            Temple (1/1) D:7            Lair (5/5) D:10
 Shoals (0/4) Lair:2       Spider (0/4) Lair:3        Slime (0/5) Lair:4
    Orc (1/2) D:11          Sewer (visited)         Ossuary (visited)
  IceCv (visited)
 Vaults: D:13-14

Altars:
Ashenzari
Cheibriados
Dithmenos
Elyvilon
Fedhas
Gozag
Hepliaklqana
Kikubaaqudgha
Makhleb
Nemelex Xobeh
Okawaru
Qazlal
Ru
Sif Muna
Trog
Uskayaw
Vehumet
Wu Jian
Xom
Yredelemnul
Zin
The Shining One

Shops:
D:5 *   D:10 *

Annotations:
D:6 3 runed translucent doors, Hyawatha's ghost, amateur DsHW
D:10 2 transporters, Garym's ghost, novice MiBe


Innate Abilities, Weirdness & Mutations

You have very sharp teeth.
Your uncanny sense of smell can sniff out nearby items.
Your experience applies equally to all skills.
You are strong-willed. (Will+)


Message History

The large slime creature hits you.
The slime creature hits you but does no damage.
The large slime creature hits you but does no damage. x2
You completely miss the slime creature. You bite the slime creature.
The slime creature is severely wounded.
You slash the large slime creature! You freeze the large slime creature.
You hit the large slime creature. You freeze the large slime creature.
The slime creature hits you! The large slime creature hits you!!
The large slime creature hits you but does no damage.
You are too injured to fight recklessly!
You slash the slime creature! You freeze the slime creature.
You bite the slime creature.
The slime creature is almost dead.
You hit the large slime creature. You freeze the large slime creature.
You slash the large slime creature! You freeze the large slime creature.
The slime creature barely misses you. The large slime creature hits you!!
The large slime creature hits you but does no damage.
You hit the slime creature. You freeze the slime creature.
You kill the slime creature!
Okawaru accepts your kill.
You barely miss the large slime creature.
You slash the large slime creature! You freeze the large slime creature.
A large slime creature splits.
The large slime creature hits you!!
* * * LOW HITPOINT WARNING * * *
You feel much better. The slime creature hits you.
* * * LOW HITPOINT WARNING * * *
The large slime creature barely misses you.
The slime creature hits you but does no damage.
The large slime creature attacks as you move away!
The large slime creature hits you but does no damage.
The slime creature attacks as you move away!
The slime creature hits you!
* * * LOW HITPOINT WARNING * * *
Two slime creatures merge to form a very large slime creature.
Two slime creatures merge to form an enormous slime creature.
You slash the enormous slime creature! You freeze the enormous slime creature!
You bite the enormous slime creature, but do no damage.
The enormous slime creature is severely wounded.
The enormous slime creature hits you!!
You die...

######..#
######..#
........#
######..##########
#...........#
#..########.#
#..########.#
#........##.#
#.######.##@#
######.# #J#
.......# #....#
######## #..###
#.<# ### #..# ..#
#(.# #.# #..#
#.##### #..#


You could see an enormous slime creature.

Vanquished Creatures
  2 boulder beetles
  A centaur warrior (D:13)
  3 catoblepae
  Erica (Lair:1)
  An ogre mage (D:12)
  7 two-headed ogres
  6 death yaks
  5 skeletal warriors
  A deep troll (Lair:2)
  A lindwurm (Lair:5)
  2 bog bodies (IceCv)
  3 manticores
  3 cyclopes
  A gargoyle (D:11)
  An ice statue (IceCv)
  7 elephants
  7 black mambas
  A torpor snail (Lair:5)
  3 unseen horrors (D:11)
  9 cane toads
  12 komodo dragons
  5 rime drakes
  An efreet (D:13)
  A kobold demonologist (D:10)
  4 trolls
  4 polar bears (Lair:5)
  5 hornets
  Prince Ribbit (D:8)
  20 blink frogs
  3 slime creatures
  A dream sheep (Lair:5)
  15 spriggans (Lair:5)
  2 wraiths (D:11)
  A shadow (D:12)
  2 vampires
  58 yaks
  3 dire elephant simulacra (IceCv)
  3 basilisks
  A wyvern (Lair:4)
  9 vampire mosquitoes
  2 steam dragons
  A death yak simulacrum (IceCv)
  A warg (D:11)
  A harpy simulacrum (IceCv)
  3 acid dragons
  10 water moccasins
  2 hydra simulacra (IceCv)
  An ice beast (D:7)
  5 black bears
  9 orc warriors
  A sky beast (D:6)
  53 wolves
  3 boggarts (Lair:5)
  7 ogres
  10 centaurs
  2 phantoms (D:5)
  7 bullfrogs
  2 kobold brigands
  3 necrophages
  8 scorpions
  6 two-headed ogre simulacra (IceCv)
  A cane toad simulacrum (IceCv)
  15 wights
  2 elephant simulacra (IceCv)
  8 killer bees
  6 howler monkeys
  6 electric eels
  2 lava snakes (Lair:1)
  4 centaur zombies (Ossuary)
  4 jellies
  4 orc priests
  2 hounds
  3 human zombies (Ossuary)
  6 scorpion zombies (Ossuary)
  3 iguanas
  12 orc wizards
  5 hell rats (Lair:5)
  3 troll simulacra (IceCv)
  8 spriggan simulacra (IceCv)
  4 mummies
  3 gnolls (D:2)
  8 adders
  7 naga simulacra (IceCv)
  6 river rats (Sewer)
  A shadow imp (D:6)
  24 white imps
  An ufetubus (IceCv)
  4 worms
  A dart slug (D:2)
  46 orcs
  10 ball pythons
  6 endoplasms
  2 giant cockroaches
  5 gnoll zombies (Ossuary)
  4 goblins
  9 hobgoblins
  8 jackals
  31 kobolds
  5 quokkas
  7 bats
  5 frilled lizards
  A goblin zombie (D:4)
  3 hobgoblin zombies (Ossuary)
  2 kobold zombies
  An orc zombie (Ossuary)
  24 rats
675 creatures vanquished.

Vanquished Creatures (others)
  A howler monkey (D:13)
  39 fungi
  49 plants
89 creatures vanquished.

Grand Total: 764 creatures vanquished

Notes
Turn   | Place    | Note
-------+----------+-------------------------------------------
     0 | D:1      | mtoz the Gnoll Wanderer began the quest for the Orb.
     0 | D:1      | mtoz set off with the following items: a +2 spear, a +0
                  | sling, a wand of flame (7), a potion of might, a +0 leather
                  | armour.
     0 | D:1      | Reached XP level 1. HP: 17/17 MP: 1/1
   122 | D:1      | Reached XP level 2. HP: 23/23 MP: 2/2
   516 | D:1      | Found a faded altar of an unknown god.
   719 | D:1      | Prayed at the altar of an unknown god.
   719 | D:1      | Became a worshipper of the Wu Jian Council
   719 | D:1      | Reached * piety under Wu Jian
   777 | D:2      | Reached XP level 3. HP: 28/28 MP: 3/3
   787 | D:2      | Reached skill level 1 in Invocations
   941 | D:2      | Reached skill level 1 in Short Blades
   941 | D:2      | Reached skill level 1 in Long Blades
   941 | D:2      | Reached skill level 1 in Axes
   941 | D:2      | Reached skill level 1 in Maces & Flails
   941 | D:2      | Reached skill level 1 in Staves
   941 | D:2      | Reached skill level 1 in Throwing
   941 | D:2      | Reached skill level 1 in Armour
   941 | D:2      | Reached skill level 1 in Stealth
   941 | D:2      | Reached skill level 1 in Shields
   941 | D:2      | Reached skill level 1 in Unarmed Combat
   941 | D:2      | Reached skill level 1 in Spellcasting
  1114 | D:2      | Reached XP level 4. HP: 33/34 MP: 5/5
  1888 | D:3      | Reached skill level 1 in Conjurations
  1888 | D:3      | Reached skill level 1 in Hexes
  1888 | D:3      | Reached skill level 1 in Summonings
  1888 | D:3      | Reached skill level 1 in Necromancy
  1888 | D:3      | Reached skill level 1 in Translocations
  1888 | D:3      | Reached skill level 1 in Transmutations
  1888 | D:3      | Reached skill level 1 in Fire Magic
  1888 | D:3      | Reached skill level 1 in Ice Magic
  1888 | D:3      | Reached skill level 1 in Air Magic
  1888 | D:3      | Reached skill level 1 in Earth Magic
  1888 | D:3      | Reached skill level 1 in Poison Magic
  2226 | D:3      | Identified a scroll of acquirement
  2333 | D:3      | Acquired 853 gold pieces
  2337 | D:3      | Learned a level 1 spell: Magic Dart
  2339 | D:3      | Learned a level 1 spell: Sting
  2536 | D:4      | Found a glowing golden altar of the Shining One.
  2557 | D:4      | Found a sand-covered staircase.
  2570 | D:4      | Reached XP level 5. HP: 32/40 MP: 5/7
  2579 | Ossuary  | Entered an ossuary
  2627 | Ossuary  | Reached ** piety under Wu Jian
  2644 | Ossuary  | Reached XP level 6. HP: 44/47 MP: 8/8
  2677 | Ossuary  | Reached skill level 5 in Evocations
  2766 | Ossuary  | Reached XP level 7. HP: 52/52 MP: 10/10
  3199 | Ossuary  | Reached XP level 8. HP: 58/60 MP: 8/12
  3816 | D:4      | Found a white marble altar of Elyvilon.
  3837 | D:4      | Reached *** piety under Wu Jian
  4599 | D:5      | Entered Level 5 of the Dungeon
  4759 | D:5      | Found Nuwieq's Elemental Accessories.
  5504 | D:4      | Reached XP level 9. HP: 47/66 MP: 10/14
  5557 | D:5      | Found a sparkling altar of Nemelex Xobeh.
  5802 | D:6      | Found a glowing drain.
  5817 | Sewer    | Entered a sewer
  5851 | Sewer    | Reached **** piety under Wu Jian
  6343 | Sewer    | Learned a level 3 spell: Mephitic Cloud
  6515 | Sewer    | Reached ***** piety under Wu Jian
  6880 | D:6      | Reached skill level 5 in Fighting
  6880 | D:6      | Reached skill level 5 in Dodging
  7043 | D:6      | Reached skill level 5 in Conjurations
  7043 | D:6      | Reached skill level 5 in Hexes
  7043 | D:6      | Reached skill level 5 in Summonings
  7043 | D:6      | Reached skill level 5 in Necromancy
  7043 | D:6      | Reached skill level 5 in Translocations
  7043 | D:6      | Reached skill level 5 in Transmutations
  7043 | D:6      | Reached skill level 5 in Fire Magic
  7043 | D:6      | Reached skill level 5 in Ice Magic
  7043 | D:6      | Reached skill level 5 in Air Magic
  7043 | D:6      | Reached skill level 5 in Earth Magic
  7043 | D:6      | Reached skill level 5 in Poison Magic
  7043 | D:6      | Reached XP level 10. HP: 77/77 MP: 15/19
  7416 | D:6      | Found a burning altar of Makhleb.
  7435 | D:6      | Found a runed translucent gate.
  7435 | D:6      | Found a runed translucent gate.
  7435 | D:6      | Found a runed translucent gate.
  7438 | D:6      | Noticed Hyawatha's ghost (amateur DsHW)
  7439 | D:6      | Noticed a kobold demonologist
  7468 | D:6      | Found an ornate altar of the Wu Jian Council.
  7528 | D:6      | Found a glowing silver altar of Zin.
  7528 | D:6      | Noticed an angel
  7808 | D:7      | Learned a level 4 spell: Olgreb's Toxic Radiance
  7944 | D:6      | Gained mutation: You are strong-willed. (Will+) [potion of
                  | mutation]
  8063 | D:7      | Found a staircase to the Ecumenical Temple.
  8263 | D:7      | Found a broken altar of Ashenzari.
  8266 | D:7      | Found a blossoming altar of Fedhas.
  8707 | D:7      | Reached XP level 11. HP: 77/83 MP: 14/20
  9266 | D:8      | Found a shimmering blue altar of Sif Muna.
  9273 | D:8      | Identified the ring of Hiqer {Ice MP+9 Slay+3}
  9554 | D:8      | Noticed Prince Ribbit
  9562 | D:8      | Killed Prince Ribbit
  9682 | D:8      | Noticed a two-headed ogre
  9692 | D:8      | Killed a two-headed ogre
 10909 | D:10     | Entered Level 10 of the Dungeon
 11272 | D:10     | Noticed a cyclops
 11277 | D:10     | Killed a cyclops
 11330 | D:10     | Found Awagonn's General Store.
 11349 | D:10     | Bought a scroll of identify for 26 gold pieces
 11435 | D:10     | Found a staircase to the Lair.
 11675 | D:10     | Noticed Garym's ghost (novice MiBe)
 11676 | D:10     | Found a transporter.
 11676 | D:10     | Noticed a two-headed ogre
 11676 | D:10     | Noticed a two-headed ogre
 11678 | D:10     | Identified the +2 great mace "Zuapuet" {elec, MP+9 Str+5
                  | Dex+4}
 11678 | D:10     | Identified the +2 great mace "Tyruw" {spect, rC- rN++ rCorr
                  | Dex+3}
 11678 | D:10     | Noticed a two-headed ogre
 11678 | D:10     | Noticed a two-headed ogre
 11688 | D:10     | Found a transporter.
 11792 | D:10     | Found a basalt altar of Yredelemnul.
 12330 | D:11     | Reached skill level 10 in Polearms
 12330 | D:11     | Reached skill level 10 in Ranged Weapons
 12330 | D:11     | Reached XP level 12. HP: 84/92 MP: 23/23
 12430 | D:11     | Noticed a boulder beetle
 12446 | D:11     | Killed a boulder beetle
 13330 | D:11     | Found a staircase to the Orcish Mines.
 13692 | D:11     | Noticed a two-headed ogre
 13724 | D:10     | Killed a two-headed ogre
 13744 | D:11     | Noticed a soul eater
 13749 | D:10     | Noticed a soul eater
 14203 | Orc:1    | Entered Level 1 of the Orcish Mines
 14203 | Orc:1    | Noticed an orc warlord
 14344 | Lair:1   | Entered Level 1 of the Lair of Beasts
 14430 | Lair:1   | Noticed a catoblepas
 15241 | Lair:1   | Killed a catoblepas
 15355 | Lair:1   | Noticed Erica
 15372 | Lair:1   | Killed Erica
 15391 | Lair:1   | Reached XP level 13. HP: 100/100 MP: 25/25
 17392 | Lair:2   | Reached skill level 10 in Evocations
 17620 | Lair:2   | Found a staircase to the Shoals.
 18656 | Lair:3   | Found a frozen archway.
 18682 | IceCv    | Entered an ice cave
 19268 | IceCv    | Reached skill level 10 in Invocations
 20385 | Lair:3   | Reached XP level 14. HP: 109/109 MP: 27/27
 20650 | Lair:3   | Found a hole to the Spider Nest.
 20881 | Lair:3   | Identified the +1 pair of gloves "Mozous" {Harm MP+9}
 21637 | Lair:4   | Found a staircase to the Slime Pits.
 21944 | Lair:5   | Entered Level 5 of the Lair of Beasts
 22259 | Lair:5   | Reached skill level 10 in Fighting
 22259 | Lair:5   | Reached skill level 10 in Dodging
 23402 | Lair:5   | Reached skill level 10 in Short Blades
 23402 | Lair:5   | Reached skill level 10 in Long Blades
 23402 | Lair:5   | Reached skill level 10 in Axes
 23402 | Lair:5   | Reached skill level 10 in Maces & Flails
 23402 | Lair:5   | Reached skill level 10 in Staves
 23402 | Lair:5   | Reached skill level 10 in Throwing
 23402 | Lair:5   | Reached skill level 10 in Armour
 23402 | Lair:5   | Reached skill level 10 in Stealth
 23402 | Lair:5   | Reached skill level 10 in Shields
 23402 | Lair:5   | Reached skill level 10 in Unarmed Combat
 23402 | Lair:5   | Reached skill level 10 in Spellcasting
 23727 | Lair:5   | Paralysed by a hornet for 1 turns
 24301 | D:11     | Reached XP level 15. HP: 117/117 MP: 29/29
 25793 | Temple   | Entered the Ecumenical Temple
 25970 | Temple   | Fell from the grace of Wu Jian
 25970 | Temple   | Became a worshipper of Warmaster Okawaru
 26623 | D:13     | Reached * piety under Okawaru
 26631 | D:13     | Slain by an enormous slime creature

Illustrated notes

Levels and vault maps discovered:
D:1:      lemuel_arrival_funnel, layout_basic, hellmonk_ecumenical_altar_blasted
D:2:      wad_woods_settlement, layout_basic
D:3:      layout_basic, st_stairs_6
D:4:      layout_cave_pools, nicolae_overflow_crystal_walls,
          mainiacjoe_overflow_boulevard, nicolae_ossuary_entry_giza,
          serial_co_window_serial, co_window_of_opportunity_a,
          co_window_corner_a, co_window_paths_b, co_window_paths_a,
          co_window_paths_a, co_window_corner_a, co_window_of_opportunity_a,
          co_window_paths_b, co_window_corner_a, co_window_2corner,
          co_window_of_opportunity_b, co_window_paths_c,
          co_window_unsneaky_path_e, glass_columns_b
D:5:      layout_cave_pools, nemelex_diamond_rough_becter,
          nicolae_elemental_shop, kennysheep_generic_room_10
D:6:      layout_cave_pools, zin_angel, bloody_makhleb,
          mainiacjoe_overflow_surrounded_room, cheibrodos_sewer_entry_sluice,
          gammafunk_ghost_nasty_kobolds
D:7:      layout_rooms, nicolae_overflow_squiral, minmay_temple_entry_wispy,
          hangedman_decor_riveting, amcnicky_mini_rare_corridor_liquid
D:8:      layout_loops_ring, mainiacjoe_overflow_brackets, st_stairs_3,
          uniq_prince_ribbit1
D:9:      layout_big_octagon, chequers_serial_rivers_small_a
D:10:     layout_long_grid, mainiacjoe_overflow_cross_hatched, lair_entry_dummy,
          gammafunk_ghost_smash, serial_shops, nicolae_shop_statue_plus,
          serial_bayou_pond_d, chequers_mini_garden
D:11:     cheibrodos_barr_body, layout_stronghold, david_orc_4
D:12:     layout_roguey
D:13:     layout_loops_ring
Temple:   nicolae_temple_slightly_damp_pantheon
Lair:1:   layout_small_grid, nicolae_lair_liquid_snakes, grunt_megastairs_3,
          uniq_erica
Lair:2:   dreamdust_cave_troll, layout_hall_layers,
          minmay_shoals_entry_centaurs, grunt_megastairs_2
Lair:3:   layout_cave_pods, hellmonk_spider_entry_not_the_bees,
          portal_ice_cave_entry_imps, grunt_forest_large_clearings
Lair:4:   layout_misc_corridors, dpeg_slime_entry_enclosed, grunt_megastairs_4,
          infiniplex_staircase_pool
Lair:5:   minmay_lair_end_enchanted_forest, layout_gridlike,
          infiniplex_staircase_pool_2
Orc:1:    layout_caves, serial_shops, nicolae_diamond_shop, uniq_gastronok

Skill      XL: |  1  2  3  4  5  6  7  8  9 10 11 12 13 14 |
---------------+-------------------------------------------+-----
Invocations    | 1 2 3 4 6 7 8 9 10 11 | 11.3
Short Blades   | 1 2 3 6 7 8 9 10 | 10.4
Long Blades    | 1 2 3 6 7 8 9 10 | 10.4
Axes           | 1 2 3 6 7 8 9 10 | 10.4
Maces & Flails | 1 2 3 6 7 8 9 10 | 10.4
Staves         | 1 2 3 6 7 8 9 10 | 10.4
Throwing       | 1 2 3 6 7 8 9 10 | 10.4
Armour         | 1 2 3 6 7 8 9 10 | 10.4
Stealth        | 1 2 3 6 7 8 9 10 | 10.4
Shields        | 1 2 3 6 7 8 9 10 | 10.4
Unarmed Combat | 1 2 3 6 7 8 9 10 | 10.4
Spellcasting   | 1 2 3 6 7 8 9 10 | 10.4
Conjurations   | 1 2 3 5 6 7 8 |  8.7
Hexes          | 1 2 3 5 6 7 8 |  8.7
Summonings     | 1 2 3 5 6 7 8 |  8.7
Necromancy     | 1 2 3 5 6 7 8 |  8.7
Translocations | 1 2 3 5 6 7 8 |  8.7
Transmutations | 1 2 3 5 6 7 8 |  8.7
Fire Magic     | 1 2 3 5 6 7 8 |  8.7
Ice Magic      | 1 2 3 5 6 7 8 |  8.7
Air Magic      | 1 2 3 5 6 7 8 |  8.7
Earth Magic    | 1 2 3 5 6 7 8 |  8.7
Poison Magic   | 1 2 3 5 6 7 8 |  8.7
Fighting       | 3 4 6 7 8 9 10 | 10.8
Dodging        | 3 4 6 7 8 9 10 | 10.8
Evocations     | 5 6 7 8 9 10 11 | 11.4
Polearms       | 7 9 10 11 12 | 12.2
Ranged Weapons | 7 9 10 11 12 | 12.2

Action                   |  1- 3 |  4- 6 |  7- 9 | 10-12 | 13-15 || total
-------------------------+-------+-------+-------+-------+-------++-------
Melee: Spear             |    64 |   207 |   484 |   114 |       ||   869
       Bite              |     2 |    22 |    69 |   142 |   175 ||   410
       Punch             |     1 |     5 |     9 |     7 |       ||    22
       Dire flail        |       |       |       |   785 |   925 ||  1710
       Battleaxe         |       |       |       |    11 |   320 ||   331
 Fire: Sling             |       |       |       |     4 |       ||     4
       Shortbow          |       |       |       |       |    39 ||    39
Throw: Stone             |     8 |    15 |       |       |   104 ||   127
       Boomerang         |       |       |       |   107 |     3 ||   110
       Dart              |       |       |       |    26 |   247 ||   273
       Javelin           |       |       |       |       |    14 ||    14
 Cast: Magic Dart        |       |     5 |   216 |   222 |       ||   443
       Olgreb's Toxic Ra |       |       |       |     5 |       ||     5
       Sting             |       |       |       |     1 |       ||     1
Invok: Lunge             |       |     3 |     6 |    14 |    31 ||    54
       Whirlwind         |       |       |     3 |    19 |    21 ||    43
       Heavenly Storm    |       |       |       |     2 |     3 ||     5
       Serpent's Lash    |       |       |       |    14 |    14 ||    28
 Abil: Wall Jump         |       |       |       |     4 |       ||     4
Evoke: Wand              |     5 |       |     2 |    24 |     2 ||    33
       Condenser vane    |       |       |       |     2 |     2 ||     4
  Use: Scroll            |       |     9 |     6 |    14 |     5 ||    34
       Potion            |       |     1 |    10 |     5 |     2 ||    18
 Stab: Sleeping          |     3 |     2 |     2 |     2 |       ||     9
       Distracted        |       |       |       |       |     1 ||     1
       Petrified         |       |       |       |       |     5 ||     5
       Petrifying        |       |       |       |       |     1 ||     1
Armor: Leather armour    |    13 |    20 |       |       |       ||    33
       Ring mail         |       |    72 |   154 |   262 |       ||   488
       Crystal plate arm |       |       |       |   402 |  1416 ||  1818
Dodge: Dodged            |    20 |    84 |   172 |   426 |   247 ||   949
